[Event "Team 45 45 League T29"]
[Site "Free Internet Chess Server"]
[Date "2005.12.19"]
[Round "1"]
[White "Thalagor"]
[Black "muschem"]
[Result "1-0"]
[WhiteElo "1889"]
[BlackElo "1788"]
[TimeControl "2700+45"]

1. e4 c6 2. Nf3 d5 3. exd5 cxd5 4. d4 Nf6 5. c4 Nc6 6. Nc3 Be6 7. Ng5 Qd7 8. Nxe6 Qxe6+ 9. Be2 a6 10. O-O Rd8 11. Bg5 dxc4 12. Bxf6 Qxf6 13. d5 Ne5 14. Qc2 b5 15. Rae1 g6 16. Ne4 Qb6 17. d6 Bg7 18. dxe7 Kxe7 19. Kh1 Rhe8 20. f4 Nc6 21. Ng5 Kf8 22. Nxh7+ Kg8 23. Ng5 Nd4 24. Qd1 Nf5 25. Qc1 Ne3 26. Rf3 Nd1 27. Rxd1 Rxe2 28. f5 Bxb2 29. Rxd8+ Qxd8 30. Qf1 Rd2 31. fxg6 fxg6 32. Ne6 Rd1 33. Nxd8 Rxf1+ 34. Rxf1 c3 35. Rf2 b4 36. Nc6 Ba3 37. g4 Kg7 38. Kg2 Kh6 39. h4 Kg7 40. Kf1 Kh6 41. Ke1 Kg7 42. Kd1   {Black resigns} 1-0

[Event "Team 45 45 League T29"]
[Site "Free Internet Chess Server"]
[Date "2005.12.23"]
[Round "1"]
[White "twotowers"]
[Black "Doubleletter"]
[Result "0-1"]
[WhiteElo "1650"]
[BlackElo "1806"]
[TimeControl "2700+45"]

1. Nf3 Nf6 2. g3 g6 3. Bg2 Bg7 4. O-O O-O 5. d3 d5 6. Nbd2 c5 7. e4 dxe4 8. dxe4 Nc6 9. Nh4 Ng4 10. c3 Nce5 11. h3 Nf6 12. Ndf3 Qxd1 13. Rxd1 Nxf3+ 14. Nxf3 Nxe4 15. Re1 f5 16. Nh2 e5 17. Bxe4 fxe4 18. Kg2 Bd7 19. Bg5 Rf7 20. g4 Raf8 21. Bh4 Bc6 22. Re3 g5 23. Bg3 Rd8 24. Kf1 Rd2 25. Re2 Bb5   {White resigns} 0-1

[Event "Team 45 45 League T29"]
[Site "Free Internet Chess Server"]
[Date "2005.12.18"]
[Round "1"]
[White "noHz"]
[Black "ButiOxa"]
[Result "1-0"]
[WhiteElo "1845"]
[BlackElo "1837"]
[TimeControl "2700+45"]

1. e4 e5 2. Nf3 Nc6 3. Bb5 a6 4. Ba4 Nf6 5. O-O Be7 6. Re1 b5 7. Bb3 d6 8. h3 O-O 9. c3 Nb8 10. d4 Nbd7 11. Nbd2 c5 12. Nf1 Qc7 13. Ng3 Re8 14. Bg5 h6 15. Be3 Bf8 16. d5 c4 17. Bc2 g6 18. Qd2 Kh7 19. a4 Rb8 20. axb5 axb5 21. Ra7 Rb7 22. Rea1 Nc5 23. R7a2 Bd7 24. Qe1 Reb8 25. Bd2 Bc8 26. Nh2 Bg7 27. Nhf1 Nfd7 28. Ne3 Nd3 29. Bxd3 cxd3 30. Qb1 Nc5 31. b4 Nxe4 32. Nxe4 f5 33. Qxd3 fxe4 34. Qxe4 Qf7 35. g4 Bd7 36. Kg2 Rf8 37. f3 Qe7 38. Nf1 Rc7 39. Ng3 Rc4 40. Qd3 Rc7 41. Ra6 Rd8 42. Ne4 Be8 43. Be3 Rc4 44. Rb6 Bf8 45. Raa6 Qc7 46. Rxd6 Rxd6 47. Ra7 Qxa7 48. Bxa7 Ra6 49. Bf2   {Black resigns} 1-0

[Event "Team 45 45 League T29"]
[Site "Free Internet Chess Server"]
[Date "2005.12.15"]
[Round "1"]
[White "zcomcon"]
[Black "threeNT"]
[Result "1-0"]
[WhiteElo "1703"]
[BlackElo "1738"]
[TimeControl "2700+45"]

1. e4 e5 2. Nf3 Nc6 3. Bc4 Bc5 4. c3 Nf6 5. d3 O-O 6. b4 Bb6 7. a4 a6 8. O-O d6 9. h3 Re8 10. Re1 Be6 11. Bxe6 Rxe6 12. Be3 Rc8 13. Bxb6 cxb6 14. b5 Ne7 15. c4 Ng6 16. Nbd2 Nd7 17. Nf1 Nc5 18. Ng3 Nf4 19. d4 exd4 20. Nxd4 Rg6 21. Ndf5 Ncd3 22. Re3 Qf6 23. Rb1 Ne5 24. bxa6 bxa6 25. Rxb6 Nxc4 26. Rxa6 Nxe3 27. fxe3 Rxg3 28. Nxg3 Ne6 29. Rxd6 Qe5 30. Nf5 Re8 31. Rd3 g6 32. Nd4 Ng5 33. Nc6 Qg3 34. Kh1 Nxe4 35. Ne7+ Rxe7 36. Rd8+ Kg7 37. Qd4+ Qe5 38. Qb6 Nf2+ 39. Kg1 Nxh3+ 40. gxh3 Qg3+ 41. Kf1 Qxh3+ 42. Ke2 Qg4+ 43. Kd3 Qd1+ 44. Kc4 Qxd8 45. Qxd8 Kf6 46. Qd6+ Re6 47. Qxe6+ Kxe6 48. Kc5 h5 49. a5 h4 50. a6 h3 51. a7 h2 52. a8=Q g5 53. Qh1   {Black resigns} 1-0

[Event "Team 45 45 League T29"]
[Site "Free Internet Chess Server"]
[Date "2005.12.14"]
[Round "1"]
[White "fernbap"]
[Black "DreadPirateJosh"]
[Result "1-0"]
[WhiteElo "1709"]
[BlackElo "1688"]
[TimeControl "2700+45"]

1. Nf3 Nf6 2. c4 c5 3. g3 Nc6 4. Bg2 g6 5. b3 Bg7 6. Bb2 d6 7. O-O Bg4 8. d3 e5 9. h3 Be6 10. Ng5 Bd7 11. Nd2 h6 12. Nge4 Nxe4 13. Nxe4 Be6 14. a3 Qd7 15. Kh2 f5 16. Nd2 g5 17. Bd5 Bxd5 18. cxd5 Ne7 19. e4 f4 20. Qh5+ Kd8 21. Qf7 Rg8 22. gxf4 Kc7 23. f5 Raf8 24. Qh5 Qb5 25. Qe2 Bf6 26. Rab1 h5 27. Nc4 g4 28. Rg1 Qe8 29. Ne3 gxh3 30. Kxh3 Bg5 31. Rg3 Bf4 32. Rg2 Rxg2 33. Nxg2 Bh6 34. Bc1 Bxc1 35. Rxc1 Rg8 36. b4 b6 37. bxc5 bxc5 38. Qd2 Qa4 39. Qb4 Qxb4 40. axb4 Kb6 41. bxc5+ dxc5 42. f4 exf4 43. Nxf4 a5 44. Ne6 Rc8 45. f6 Ng6 46. d4 c4 47. d6 a4 48. d7 Ra8 49. Rxc4 Kb5 50. Rc8   {Black resigns} 1-0

[Event "Team 45 45 League T29"]
[Site "Free Internet Chess Server"]
[Date "2005.12.17"]
[Round "1"]
[White "Atreus"]
[Black "Vzevolodovitch"]
[Result "0-1"]
[WhiteElo "1834"]
[BlackElo "1722"]
[TimeControl "2700+45"]

1. d4 Nf6 2. c4 e6 3. Nf3 Bb4+ 4. Bd2 a5 5. g3 Nc6 6. Bg2 d5 7. c5 b6 8. Bxb4 axb4 9. cxb6 cxb6 10. Qc2 Bd7 11. O-O Rc8 12. Qd3 Na5 13. b3 Qc7 14. Ne5 Qc2 15. Nd2 O-O 16. e3 Qxd3 17. Nxd3 Bb5 18. Nxb4 Bxf1 19. Bxf1 Rc3 20. Ba6 Ne8 21. Kf1 Nc7 22. Bd3 f5 23. Ke2 Rc8 24. Nf3 Ne8 25. Ne5 Nf6 26. f3 g5 27. Kd2 g4 28. f4 Nb7 29. Ba6 Ne4+ 30. Ke2 R8c7 31. Bxb7 Rxb7 32. Rb1 Rbc7 33. Kd1 Rxe3 34. Nbc6 Nc3+ 35. Kd2 Rxe5 36. Nxe5 Nxb1+ 37. Kd3 Rc3+ 38. Ke2 Rc2+ 39. Kd1 Rxh2 40. a4 Nc3+ 41. Ke1 Rb2   {White resigns} 0-1

[Event "Team 45 45 League T29"]
[Site "Free Internet Chess Server"]
[Date "2005.12.17"]
[Round "1"]
[White "dzonson"]
[Black "Pawns"]
[Result "1/2-1/2"]
[WhiteElo "1830"]
[BlackElo "1834"]
[TimeControl "2700+45"]

1. d4 d5 2. Nf3 Nc6 3. c4 Bg4 4. Nc3 Bxf3 5. exf3 e6 6. cxd5 exd5 7. Qb3 Nxd4 8. Qa4+ Nc6 9. Bb5 Ne7 10. O-O Qd7 11. Bf4 O-O-O 12. Rac1 a6 13. Bxa6 d4 14. Bb5 Qf5 15. Ne2 d3 16. Ng3 Qf6 17. Qa8+ Kd7 18. Qa4 Qxb2 19. Bxd3 Kc8 20. Rfd1 Kb8 21. Rb1 Rd4 22. Bxc7+ Kxc7   {Game drawn by mutual agreement} 1/2-1/2

[Event "Team 45 45 League T29"]
[Site "Free Internet Chess Server"]
[Date "2005.12.17"]
[Round "1"]
[White "MGoo"]
[Black "twotowers"]
[Result "1-0"]
[WhiteElo "1786"]
[BlackElo "1646"]
[TimeControl "2700+45"]

1. d4 Nf6 2. c4 g6 3. Nc3 Bg7 4. e4 d6 5. Be2 O-O 6. Bg5 h6 7. Be3 e5 8. d5 Na6 9. g4 Nc5 10. g5 hxg5 11. Bxg5 c6 12. h4 Qa5 13. Bd2 Qc7 14. Qc2 a5 15. h5 gxh5 16. Bxh5 cxd5 17. exd5 e4 18. Be2 Bf5 19. Be3 Nd3+ 20. Bxd3 exd3 21. Qb3 Rfc8 22. Nb5   {Black forfeits on time} 1-0

[Event "Team 45 45 League T29"]
[Site "Free Internet Chess Server"]
[Date "2005.12.17"]
[Round "1"]
[White "xplan"]
[Black "Galleta"]
[Result "1/2-1/2"]
[WhiteElo "1498"]
[BlackElo "1619"]
[TimeControl "2700+45"]

1. e4 d6 2. d4 Nf6 3. Nc3 g6 4. Nf3 Bg7 5. h3 c6 6. e5 dxe5 7. Nxe5 O-O 8. Bc4 b5 9. Bb3 Bb7 10. O-O a6 11. a3 Nbd7 12. Qf3 Rc8 13. Be3 e6 14. Rad1 Nd5 15. Nxd7 Qxd7 16. Ne4 Qe7 17. Bd2 Qc7 18. Bxd5 cxd5 19. Nc5 Bxd4 20. Nxb7 Qxb7 21. Bh6 Bg7 22. Bxg7 Kxg7 23. c3 Qe7 24. Rfe1 Qf6 25. Qe3 Rfe8 26. Qb6 Ra8 27. Re3 Qe7 28. Rxd5 Red8 29. Rxd8 Qxd8 30. Qb7 Qd5 31. Qxd5 exd5 32. Re7 Kf6 33. Rd7 Ke6 34. Rb7 Rd8 35. Ra7 Rd6 36. f4 h5 37. Kf2 f5 38. Kf3 Rc6 39. Ke3 Kd6 40. Rg7 Kc5 41. b3 a5 42. Kd3 b4 43. cxb4+ axb4 44. a4 d4 45. Re7 Kd6 46. Re5 Rc3+ 47. Kxd4 Rxb3 48. Ra5 Rg3 49. Ra6+ Kc7 50. Kc5 b3 51. Rc6+ Kb7 52. Rb6+ Ka7 53. a5 Rxg2 54. Rxb3 h4 55. Rb6 Rg3 56. Kd5 Rxh3 57. Rxg6 Ra3 58. Rg7+ Ka6 59. Rf7 h3 60. Rh7 Re3 61. Rh6+ Kxa5 62. Rh5 Rb3 63. Ke6 Rb6+   {Game drawn by mutual agreement} 1/2-1/2